 Dungeon Crawl Stone Soup version 0.29.0-15-g675c0067aa (webtiles) character file.

Game seed: 13779983920906888117

5 qw the Sneak (level 1, 0/14 HPs)
             Began as a Gargoyle Delver on Sept 11, 2022.
             Was an Initiate of Okawaru.
             Slain by an iguana (2 damage)
             ... on level 5 of the Dungeon.
             The game lasted 00:00:04 (317 turns).

qw the Sneak (Gargoyle Delver)                       Turns: 317, Time: 00:00:05

Health: 0/14       AC:  5    Str: 15    XL:     1   Next: 80%
Magic:  1/1        EV: 11    Int: 10    God:    Okawaru [......]
Gold:   9          SH:  0    Dex: 11    Spells: 0/0 levels left

rFire   . . .      SeeInvis .   a - +0 hand axe
rCold   . . .      Faith    .   (no shield)
rNeg    + . .      Spirit   .   b - +0 leather armour
rPois   inf        Reflect  .   (no helmet)
rElec   +          Harm     .   (no cloak)
rCorr   .          Rampage  .   (no gloves)
Will    .....                   (no boots)
Stlth   +++.......              (no amulet)
HPRegen 0.04/turn               (no ring)
MPRegen 0.07/turn               (no ring)

@: no status effects
A: sickness immunity, AC +2, negative energy resistance 1, electricity
resistance, torment resistance 1, petrification resistance
a: Renounce Religion


You were on level 5 of the Dungeon.
You worshipped Okawaru.
Okawaru was noncommittal.
You visited 2 branches of the dungeon, and saw 2 of its levels.

You collected 9 gold pieces.


Innate Abilities, Weirdness & Mutations

You are immune to sickness and miasma.
Your stone body is resilient. (AC +2)
You are immune to poison.
You resist negative energy. (rN+)
You are resistant to electric shocks. (rElec)
You are resistant to unholy torment.
You are immune to petrification.


   Skills:
 - Level 3.2 Fighting
 + Level 2.2 Axes
 - Level 1.5 Dodging
 - Level 5.4 Stealth


You couldn't memorise any spells.
You didn't know any spells.
Your spell library was empty.

Inventory:

Hand Weapons
 a - a +0 hand axe (weapon)
Armour
 b - a +0 leather armour (worn)
Wands
 g - a wand of digging (3)
Potions
 f - a potion of haste

Dungeon Overview and Level Annotations

Branches:
Dungeon (5/15)             Temple (1/1) D:5

Altars:
Ashenzari
Fedhas
Gozag
Kikubaaqudgha
Nemelex Xobeh
Okawaru
Trog
Uskayaw
Vehumet
Xom
Yredelemnul


Message History

Done exploring.
292 ||| PLANNING D:1-11 Done exploring.
There is an iron altar of Okawaru here.
Press < or > to pray at altars.
Press < or > to pray at altars.
Press < or > to pray at altars.
Done exploring.
Press < or > to pray at altars.
Press < or > to pray at altars.
You kneel at the altar of Okawaru.
Okawaru welcomes you!
Press < or > to pray at altars.
Press < or > to pray at altars.
Press < or > to pray at altars.
Press < or > to pray at altars.
Done exploring.
Press < or > to pray at altars.
Press < or > to pray at altars.
(D) Dungeon (T) Temple
Where to? (* - list waypoints, Enter - Temple @ (x,y), ? - help)
What level of the Dungeon? (default 5, ? - help) Press < or > to pray at altars.
There is a staircase back to the Dungeon here.
You climb upwards.
You hear the sound of rushing water.
There is an entrance to a sewer on this level.
Hurry and find it before the portal rusts away!
There is a staircase to the Ecumenical Temple here.
304 ||| PLANNING SEWER You hear the rusting of a drain nearby.
An iguana comes into view.
The iguana hisses angrily.
A giant cockroach comes into view.
A river rat comes into view.
314 ||| Stepping ~*~*~tactically~*~*~ (stealth).
Found an escape hatch in the floor.
The iguana bites you!
Ouch! That really hurt!
316 ||| Stepping ~*~*~tactically~*~*~ (stealth).
You hit the iguana but do no damage. The iguana bites you.
You die...

...r.....
.......#
#......#
####......#
........!.#
..........#####
.........>.....
##l## #@..#
#.8.# #...#
###.### #}...}#
#.....# #
#..>..# .#
#.....# ..
#}...}## ####.#


You could see an iguana.

Vanquished Creatures
  An ufetubus (D:5)
1 creature vanquished.

Notes
Turn   | Place    | Note
-------+----------+-------------------------------------------
     0 | D:5      | qw the Gargoyle Delver began the quest for the Orb.
     0 | D:5      | Reached XP level 1. HP: 14/14 MP: 1/1
     0 | D:5      | 0 ||| qw: Version: 0.1-a-118-gb4e7ce6
     0 | D:5      | 0 ||| qw: Game counter: 10412
     0 | D:5      | 0 ||| qw: Always use a shield: true
     0 | D:5      | 0 ||| qw: God list: Okawaru
     0 | D:5      | 0 ||| qw: Allow faded altars: false
     0 | D:5      | 0 ||| qw: Do Orc after D:15 true
     0 | D:5      | 0 ||| qw: Do second Lair branch before Depths: true
     0 | D:5      | 0 ||| qw: Lair rune preference: random
     0 | D:5      | 0 ||| qw: Plans: Normal
     0 | D:5      | 0 ||| PLANNING D:1-11
    12 | D:5      | Found a staircase to the Ecumenical Temple.
    16 | D:5      | 16 ||| Stepping ~*~*~tactically~*~*~ (stealth).
    17 | D:5      | 17 ||| PLANNING TEMPLE
    17 | D:5      | 17 ||| DROPPING scroll of fog.
    19 | D:5      | 19 ||| DROPPING scroll of magic mapping.
    20 | D:5      | 20 ||| DROPPING scroll of fear.
   255 | Temple   | Entered the Ecumenical Temple
   292 | Temple   | 292 ||| PLANNING D:1-11
   297 | Temple   | Became a worshipper of Warmaster Okawaru
   304 | D:5      | 304 ||| PLANNING SEWER
   309 | D:5      | Noticed an iguana
   314 | D:5      | 314 ||| Stepping ~*~*~tactically~*~*~ (stealth).
   315 | D:5      | HP: 2/14 [iguana (12)]
   316 | D:5      | 316 ||| Stepping ~*~*~tactically~*~*~ (stealth).
   317 | D:5      | Slain by an iguana

Levels and vault maps discovered:
D:5:      layout_basic, chequers_temple_overflow_statue_of_worship,
          mainiacjoe_overflow_six_doors_small, minmay_temple_entry_antechambers,
          portal_sewer_entry_a
Temple:   nicolae_temple_ecumenical_triangle

Skill      XL: |  1 |
---------------+----+-----
Axes           | 2 |  2.2
Fighting       | |  3.2
Dodging        | |  1.5
Stealth        | |  5.4

Action                   || total
-------------------------++-------
Melee: Hand axe          ||     6
Armor: Leather armour    ||     2
Dodge: Dodged            ||    10

Table legend:
 A = Non-vault XP
 B = Vault XP
 C = Vault XP percentage of total XP
 D = Non-vault monster count
 E = Vault monster count
 F = Vault count percentage of total count
                 A         B        C        D         E       F
            +---------+---------+-------+---------+---------+-------
      Total |       8 |       0 |   0.0 |       1 |       0 |   0.0
            +---------+---------+-------+---------+---------+-------
        D:5 |       8 |       0 |   0.0 |       1 |       0 |   0.0
            +---------+---------+-------+---------+---------+-------
